 Dungeon Crawl Stone Soup version 0.29.0-15-g675c0067aa (webtiles) character file.

Game seed: 11251275459696969174

14 Persephone the Twirler (level 2, 25/25 HPs)
             Began as a Minotaur Gladiator on Sept 11, 2022.
             Was a Follower of Kikubaaqudgha.
             Got out of the dungeon alive.
             The game lasted 00:01:48 (347 turns).

Persephone the Twirler (Minotaur Gladiator)          Turns: 347, Time: 00:01:49

Health: 25/25      AC:  3    Str: 18    XL:     2   Next: 31%
Magic:  1/1        EV: 12    Int:  5    God:    Kikubaaqudgha [*.....]
Gold:   24         SH:  0    Dex: 11    Spells: 1/1 levels left

rFire   . . .      SeeInvis .   a - +0 quarterstaff
rCold   . . .      Faith    .   (shield currently unavailable)
rNeg    . . .      Spirit   .   b - +0 leather armour
rPois   .          Reflect  .   c - +0 hat
rElec   .          Harm     .   (no cloak)
rCorr   .          Rampage  .   (no gloves)
Will    .....                   (no boots)
Stlth   +.........              (no amulet)
HPRegen 0.08/turn               (no ring)
MPRegen 0.07/turn               (no ring)

@: no status effects
A: horns 2, retaliatory headbutt
a: Renounce Religion, Unearth Wretches


You escaped.
You worshipped Kikubaaqudgha.
Kikubaaqudgha was aware of your devotion.
You visited 1 branch of the dungeon, and saw 1 of its levels.

You collected 24 gold pieces.

Inventory:

Hand Weapons
 a - a +0 quarterstaff (weapon)
Missiles
 d - 3 throwing nets
 e - a javelin
Armour
 b - a +0 leather armour (worn)
 c - a +0 hat (worn)
Scrolls
 f - a scroll of fear {unknown}


   Skills:
 - Level 2.4 Fighting
 + Level 4.6 Staves
 - Level 2.0 Throwing
 - Level 3.2 Dodging


You had one spell level left.
You didn't know any spells.
Your spell library contained the following spells:

 Spells                   Type           Power      Damage    Failure   Level
 Necrotise                Necr           0%         1d4       54%         1
 Sting                    Tmut/Pois      0%         1d3       54%         1
 Vampiric Draining        Necr           0%         2d6       88%         3
 Anguish                  Hex/Necr       0%         N/A       99%         4
 Animate Dead             Necr           0%         N/A       99%         4


Dungeon Overview and Level Annotations

Branches:
Dungeon (1/15)

Altars:
Kikubaaqudgha


Innate Abilities, Weirdness & Mutations

You have a pair of horns on your head.
You reflexively headbutt those who attack you in melee.


Message History

You hit the kobold.
You kill the kobold!
Kikubaaqudgha accepts your kill.
No target in view!
Okay, then.
Found 3 stones.
You see here 5 boomerangs.
You now have 24 gold pieces (gained 1).
Key pressed, stopping explore.
Key pressed, stopping explore.
Key pressed, stopping explore.
You see here a +0 club.
Key pressed, stopping explore.
Key pressed, stopping explore.
A frilled lizard comes into view.
A frilled lizard is nearby!
The frilled lizard hisses angrily.
The frilled lizard closely misses you. You furiously retaliate!
You headbutt the frilled lizard!
You kill the frilled lizard!
Kikubaaqudgha accepts your kill.
A hobgoblin comes into view.
The hobgoblin shouts!
A hobgoblin is nearby!
A hobgoblin is nearby!
A hobgoblin is nearby!
The hobgoblin hits you. The hobgoblin closely misses you.
The hobgoblin hits you. The hobgoblin closely misses you.
You furiously retaliate!
You headbutt the hobgoblin.
You kill the hobgoblin!
Kikubaaqudgha accepts your kill.
HP restored.
Found a bubbling silvery potion.
There is a staircase leading out of the dungeon here.
Are you sure you want to leave the Dungeon?
This will make you lose the game!
Alright, then stay!
Are you sure you want to leave the Dungeon?
This will make you lose the game!
You have escaped!

...............>..#
##.....# ##......#
##..#...#####).....#
####..#.#..##...).....#
.....#...#......#.#.#.#
#####.....#####...#.#.#
.#...........#..###....
..#.........#..####.#.##
..#....@....#..#......##
.#...........#...##.#...
#####.....#####.........
.....#...#.......##.#.##
####..#.#......#........
##..#..####.#.#...###
##...###...#....#.P.
##### #.#.#..รท#.###
#.#.#..#P#PP.


There were no monsters in sight!

Vanquished Creatures
  A dart slug (D:1)
  A giant cockroach (D:1)
  3 goblins (D:1)
  3 hobgoblins (D:1)
  A kobold (D:1)
  A frilled lizard (D:1)
10 creatures vanquished.

Vanquished Creatures (others)
  A plant (D:1)
1 creature vanquished.

Grand Total: 11 creatures vanquished

Notes
Turn   | Place    | Note
-------+----------+-------------------------------------------
     0 | D:1      | Persephone the Minotaur Gladiator began the quest for the
                  | Orb.
     0 | D:1      | Reached XP level 1. HP: 18/18 MP: 0/0
    55 | D:1      | Reached skill level 4 in Staves
    73 | D:1      | Reached XP level 2. HP: 25/25 MP: 1/1
    86 | D:1      | Found a faded altar of an unknown god.
    93 | D:1      | Got Plato's Book of Evolution
   106 | D:1      | Prayed at the altar of an unknown god.
   106 | D:1      | Became a worshipper of Kikubaaqudgha
   106 | D:1      | Reached * piety under Kikubaaqudgha
   106 | D:1      | Received a gift from Kikubaaqudgha
   347 | D:$      | Got out of the dungeon alive.

Illustrated notes

Levels and vault maps discovered:
D:1:      scummos_arrival_star, layout_basic,
          shapermc_ecumenical_altar_rom_forum, minmay_misc_feat_secret_circle,
          nicolae_figureground_sparkle

Skill      XL: |  1 |
---------------+----+-----
Staves         | 4 |  4.6
Fighting       | |  2.4
Throwing       | |  2.0
Dodging        | |  3.2

Action                   || total
-------------------------++-------
Melee: Quarterstaff      ||     9
       Headbutt          ||     2
Armor: Leather armour    ||     1
Dodge: Dodged            ||     8
